 Dungeon Crawl Stone Soup version 0.19.0-1-g5985abe (webtiles) character file.

41 Ladykiller69 the Charmwright (level 3, -1/24 HPs)
             Began as a High Elf Skald on Nov 2, 2016.
             Slain by a quokka (4 damage)
             ... on level 2 of the Dungeon.
             The game lasted 00:05:13 (1595 turns).

Ladykiller69 the Charmwright (High Elf Skald)       Turns: 1595, Time: 00:05:13

Health: -1/24      AC:  3    Str: 11    XL:     3   Next: 32%
Magic:  7/8        EV: 11    Int: 16    God:
Gold:   77         SH:  0    Dex: 15    Spells: 2 memorised, 4 levels left

rFire  . . .     SeeInvis .     a - +0 falchion
rCold  . . .     Gourm    .     b - +0 leather armour
rNeg   . . .     Faith    .     (no shield)
rPois  .         Spirit   .     (no helmet)
rElec  .         Reflect  .     (no cloak)
rCorr  .         Harm     .     (no gloves)
MR     .....                    (no boots)
Stlth  +.........               (no amulet)
                                (no ring)
                                (no ring)

@: infused
A: no striking features
a: no special abilities


You were on level 2 of the Dungeon.
You were not hungry.

You visited 1 branch of the dungeon, and saw 2 of its levels.

You collected 77 gold pieces.

Inventory:

Hand Weapons
 a - a +0 falchion (weapon)
Armour
 b - a +0 leather armour (worn)
Wands
 k - a wand of digging (9/24)
Scrolls
 f - 2 scrolls of teleportation {unknown}
 h - a scroll of remove curse {unknown}
 j - a scroll of noise {unknown}
Potions
 e - a potion of might {unknown}
 g - 2 potions of curing {unknown}
 i - a potion of agility {unknown}
 n - a potion of ambrosia {unknown}
Books
 c - a book of Battle

   Spells                             Type                      Level
   a - Infusion                       Charms                       1
   b - Shroud of Golubria             Charms/Translocation         2
   c - Song of Slaying                Charms                       2
   d - Spectral Weapon                Hexes/Charms                 3
   e - Regeneration                   Charms/Necromancy            3
Comestibles
 d - a bread ration
 l - a meat ration
 m - a chunk of flesh


   Skills:
 - Level 2.1 Fighting
 * Level 3.4 Long Blades
 - Level 1.1 Armour
 - Level 1.3 Dodging
 + Level 2.8 Spellcasting
 - Level 4.0 Charms


You had 4 spell levels left.
You knew the following spells:

 Your Spells              Type           Power        Failure   Level  Hunger
a - Infusion              Chrm           ###.         6%          1    #......
b - Shroud of Golubria    Chrm/Tloc      #.........   17%         2    ##.....


Dungeon Overview and Level Annotations

Branches:
Dungeon (2/15)

Altars:
Fedhas
Hepliaklqana


Message History

You completely miss the quokka.
The quokka is heavily wounded.
The quokka misses you.
You miss the quokka.
The quokka is heavily wounded.
The quokka closely misses you.
You riposte.
You barely miss the quokka.
The quokka is heavily wounded.
The quokka bites you.
* * * LOW HITPOINT WARNING * * *
Casting: Shroud of Golubria
Confirm with . or Enter, or press ? or * to list all spells.
You begin infusing your attacks with magical energy.
The quokka bites you.
* * * LOW HITPOINT WARNING * * *
The quokka barely misses you.
You are too injured to fight recklessly!
You closely miss the quokka.
The quokka is heavily wounded.
The quokka bites you.
You die...

#........#...........#
#..................#
#......##.##########
#....)....# .
#....###### ... #....+
# #..#....#.#
#...$.....#
#..##r@...# ## #.#.###
#.#.# #.#.# #. .# #.
.# #. .# ## ##


You could see a quokka.

Vanquished Creatures
  An adder (D:2)
  A worm (D:2)
  2 giant cockroaches
  2 goblins (D:2)
  6 hobgoblins
  4 kobolds
  A ball python (D:2)
  5 bats
  5 frilled lizards
  2 rats (D:2)
29 creatures vanquished.

Notes
Turn   | Place    | Note
-------+----------+-------------------------------------------
     0 | D:1      | Ladykiller69 the High Elf Skald began the quest for the Orb.
     0 | D:1      | Reached XP level 1. HP: 14/14 MP: 4/4
   136 | D:1      | Reached skill level 1 in Armour
   597 | D:1      | Reached XP level 2. HP: 11/19 MP: 6/6
  1205 | D:2      | Learned a level 2 spell: Shroud of Golubria
  1242 | D:2      | Reached skill level 4 in Charms
  1402 | D:2      | Reached XP level 3. HP: 24/24 MP: 5/8
  1521 | D:2      | Found a blossoming altar of Fedhas.
  1522 | D:2      | Found a hazy altar of Hepliaklqana.
  1595 | D:2      | Slain by a quokka

Skill      XL: |  1  2 |
---------------+-------+-----
Armour         | 1 |  1.1
Long Blades    | 3 |  3.4
Charms         | 4 |  4.0
Fighting       | |  2.1
Dodging        | |  1.3
Spellcasting   | |  2.8

Action                   || total
-------------------------++-------
Melee: Falchion          ||    97
 Cast: Shroud of Golubri ||     5
       Infusion          ||     2
 Stab: Sleeping          ||     1
  Eat: Chunk             ||     3
Armor: Leather armour    ||    24
Dodge: Dodged            ||    73
       Rpst.: Falchion   ||    22
